 Dungeon Crawl Stone Soup version 0.29.0-15-g675c0067aa (webtiles) character file.

Game seed: 2434468537965916211

63 qw the Chopper (level 3, -1/31 HPs)
             Began as a Minotaur Berserker on Sept 12, 2022.
             Was a Believer of Trog.
             Slain by a sky beast (4 damage)
             ... on level 3 of the Dungeon.
             The game lasted 00:00:42 (2002 turns).

qw the Chopper (Minotaur Berserker)                 Turns: 2002, Time: 00:00:42

Health: -1/31      AC:  8    Str: 23    XL:     3   Next: 89%
Magic:  2/2        EV:  8    Int:  4    God:    Trog [**....]
Gold:   125        SH:  0    Dex:  9    Spells: 2/2 levels left

rFire   . . .      SeeInvis .   Y - +1 hand axe
rCold   . . .      Faith    .   (no shield)
rNeg    . . .      Spirit   .   f - +0 chain mail
rPois   .          Reflect  .   (helmet restricted)
rElec   .          Harm     .   (no cloak)
rCorr   .          Rampage  .   (no gloves)
Will    .....                   (no boots)
Stlth   ..........              (no amulet)
HPRegen 0.10/turn               (no ring)
MPRegen 0.08/turn               (no ring)

@: no status effects
A: horns 2, retaliatory headbutt
a: Renounce Religion, Berserk, Trog's Hand


You were on level 3 of the Dungeon.
You worshipped Trog.
Trog was pleased with you.
You visited 1 branch of the dungeon, and saw 3 of its levels.

You collected 125 gold pieces.


Innate Abilities, Weirdness & Mutations

You have a pair of horns on your head.
You reflexively headbutt those who attack you in melee.


   Skills:
 - Level 3.6 Fighting
 + Level 5.9 Axes
 - Level 2.4 Armour
 - Level 2.1 Dodging


You had 2 spell levels left.
You didn't know any spells.
Your spell library was empty.

Inventory:

Hand Weapons
 d - a +2 whip of venom
 Y - a +1 hand axe (weapon)
Missiles
 o - 2 boomerangs (quivered)
Armour
 f - a +0 chain mail (worn)
Scrolls
 a - a scroll of identify
Potions
 c - a potion of ambrosia {unknown}
 g - 2 potions of curing
 h - a potion of resistance {unknown}
 i - 2 potions of heal wounds
 k - a potion of attraction {unknown}
 l - a potion of brilliance {unknown}

Dungeon Overview and Level Annotations

Branches:
Dungeon (3/15)

Altars:


Message History

You throw a boomerang. The boomerang hits the sky beast.
The sky beast is lightly wounded.
You hit the sky beast but do no damage.
The sky beast is lightly wounded.
The sky beast completely misses you.
You slash the sky beast!
The sky beast is moderately wounded.
The sky beast closely misses you.
You closely miss the sky beast.
The sky beast is moderately wounded.
The sky beast flickers out of sight!
Deactivating autopickup; reactivate with Ctrl-A.
Something hits you but does no damage.
You miss something. Something hits you but does no damage.
You closely miss something. Something hits you but does no damage.
You barely miss something. Something hits you. Something shocks you.
You hit something but do no damage. Your headbutt misses something.
Something hits you but does no damage.
You miss something. Something hits you but does no damage.
You barely miss something. Something hits you but does no damage.
You barely miss something. Your headbutt misses something.
Something hits you but does no damage.
You miss something. Something hits you. Something shocks you.
You miss something. Something hits you but does no damage.
You miss something. Something hits you but does no damage.
You barely miss something. Something hits you. Something shocks you.
You barely miss something. Something hits you. Something shocks you.
You hit something. Something hits you.
You die...

### ..(. .....
......########
......{@.....#
......######.#
..... #.#
......######.##
#.............#
...##.###.##..#
. ......#.##..#
#.#.......##
###..........#


There were no monsters in sight!

Vanquished Creatures
  2 adders (D:2)
  2 worms (D:2)
  A dart slug (D:1)
  An orc (D:3)
  4 ball pythons (D:2)
  4 endoplasms
  2 giant cockroaches
  A goblin (D:1)
  4 hobgoblins
  6 bats
  5 frilled lizards
  3 kobolds
  5 rats
40 creatures vanquished.

Notes
Turn   | Place    | Note
-------+----------+-------------------------------------------
     0 | D:1      | qw the Minotaur Berserker began the quest for the Orb.
     0 | D:1      | Reached XP level 1. HP: 19/19 MP: 0/0
     0 | D:1      | 0 ||| qw: Version: 0.1-a-119-g272c26d
     0 | D:1      | 0 ||| qw: Game counter: 11007
     0 | D:1      | 0 ||| qw: Always use a shield: true
     0 | D:1      | 0 ||| qw: Do Orc after D:15 true
     0 | D:1      | 0 ||| qw: Do second Lair branch before Depths: true
     0 | D:1      | 0 ||| qw: Lair rune preference: random
     0 | D:1      | 0 ||| qw: Plans: Normal
     0 | D:1      | 0 ||| PLANNING D:1-11
   106 | D:1      | Reached skill level 4 in Axes
   299 | D:1      | Reached XP level 2. HP: 26/26 MP: 1/1
   309 | D:1      | 309 ||| Stepping ~*~*~tactically~*~*~ (hiding).
   411 | D:1      | 411 ||| Stepping ~*~*~tactically~*~*~ (hiding).
   727 | D:1      | Found a faded altar of an unknown god.
  1050 | D:1      | 1050 ||| UPGRADING to +0 chain mail.
  1060 | D:1      | 1060 ||| DROPPING +0 animal skin.
  1061 | D:1      | 1061 ||| READING 3 scrolls labelled LUB XEDUNULIAD.
  1062 | D:1      | 1062 ||| READING scroll labelled QEFUCR SOGIE.
  1063 | D:1      | 1063 ||| READING scroll labelled JAHUEGA LAVE.
  1064 | D:1      | 1064 ||| DRINKING 2 ruby potions.
  1065 | D:1      | 1065 ||| READING 2 scrolls of identify.
  1065 | D:1      | 1065 ||| IDENTIFYING lumpy sapphire potion
  1066 | D:1      | 1066 ||| DROPPING potion of invisibility.
  1133 | D:2      | 1133 ||| DROPPING +0 mace.
  1145 | D:2      | Reached skill level 5 in Axes
  1164 | D:2      | 1164 ||| INVOKING Berserk.
  1167 | D:2      | Reached XP level 3. HP: 31/31 MP: 2/2
  1369 | D:2      | 1369 ||| Stepping ~*~*~tactically~*~*~ (stealth).
  1371 | D:2      | 1371 ||| Stepping ~*~*~tactically~*~*~ (stealth).
  1470 | D:2      | 1470 ||| Stepping ~*~*~tactically~*~*~ (stealth).
  1481 | D:2      | Reached ** piety under Trog
  1603 | D:2      | 1603 ||| Stepping ~*~*~tactically~*~*~ (stealth).
  1661 | D:2      | 1661 ||| INVOKING Berserk.
  1788 | D:2      | Identified the +1 ring mail "Togoon" {+Inv Regen+ Int-4}
  1929 | D:2      | 1929 ||| DROPPING +1 ring mail "Togoon" {+Inv Regen+
                  | Int-4}.
  1930 | D:2      | 1930 ||| READING scroll labelled TAMIQOAKEA.
  1934 | D:2      | 1934 ||| READING scroll labelled UDGHIH MACUOSEU.
  1935 | D:2      | 1935 ||| READING scroll labelled TIFON BAC BARGH.
  1936 | D:2      | 1936 ||| READING scroll labelled YGURUD LEOMPU.
  1937 | D:2      | 1937 ||| DRINKING 3 golden potions.
  1982 | D:3      | Noticed a sky beast
  2001 | D:3      | HP: 3/31 [something (6)]
  2002 | D:3      | Slain by a sky beast

Levels and vault maps discovered:
D:1:      mrwooster_arrival_statue_3, layout_basic,
          shapermc_ecumenical_altar_acropolis
D:2:      layout_rooms, supply_closet_lemuel, kennysheep_decorative_pillar
D:3:      layout_loops_ring, serial_shops, nicolae_shop_bloodbath_and_beyond,
          nicolae_shop_trees, uniq_terence

Skill      XL: |  1  2 |
---------------+-------+-----
Axes           | 4 5 |  5.9
Fighting       | |  3.6
Armour         | |  2.4
Dodging        | |  2.1

Action                   || total
-------------------------++-------
Melee: Hand axe          ||    90
       Headbutt          ||    12
       Punch             ||     1
Throw: Boomerang         ||     5
Invok: Berserk           ||     2
  Use: Scroll            ||     8
       Potion            ||     2
Armor: Animal skin       ||     4
       Chain mail        ||    23
Dodge: Dodged            ||    29

Table legend:
 A = Non-vault XP
 B = Vault XP
 C = Vault XP percentage of total XP
 D = Non-vault monster count
 E = Vault monster count
 F = Vault count percentage of total count
                 A         B        C        D         E       F
            +---------+---------+-------+---------+---------+-------
      Total |      91 |       0 |   0.0 |      40 |       0 |   0.0
            +---------+---------+-------+---------+---------+-------
        D:1 |      25 |       0 |   0.0 |      16 |       0 |   0.0
        D:2 |      63 |       0 |   0.0 |      23 |       0 |   0.0
        D:3 |       3 |       0 |   0.0 |       1 |       0 |   0.0
            +---------+---------+-------+---------+---------+-------
